 Dungeon Crawl Stone Soup version 0.30-a0-913-g9934a0ce24 (webtiles) character file.

Game seed: 8170939617269213576

5733 cheesebisquit the Zephyrmancer (level 10, -8/69 HPs)
             Began as a Purple Draconian Air Elementalist on Mar 19, 2023.
             Was a Believer of Vehumet.
             Mangled by a yak (13 damage)
             ... on level 9 of the Dungeon.
             The game lasted 00:36:51 (10978 turns).

cheesebisquit the Zephyrmancer (DrAE)              Turns: 10978, Time: 00:36:52

Health: -8/69      AC: 10    Str: 11    XL:     10   Next: 48%
Magic:  18/24      EV: 12    Int: 20    God:    Vehumet [**....]
Gold:   331        SH:  5    Dex: 17    Spells: 19/29 levels left

rFire   . . .      SeeInvis .    A - +0 demon whip (venom)
rCold   + . .      Faith    .    (no shield)
rNeg    . . .      Spirit   .    (body armour unavailable)
rPois   .          Reflect  +    (helmet restricted)
rElec   .          Rampage  .    o - +1 cloak
rCorr   .                        (no gloves)
Will    +....                    m - +0 pair of boots
Stlth   ++                       p - amulet of reflection
HPRegen 0.31/turn                g - ring of protection from cold
MPRegen 0.19/turn                G - +6 ring of dexterity

@: no status effects
A: breathe power, AC +7, unfitting armour, cold-blooded
a: Breathe Dispelling Energy, Renounce Religion


You were on level 9 of the Dungeon.
You worshipped Vehumet.
Vehumet was pleased with you.
You visited 2 branches of the dungeon, and saw 10 of its levels.

You collected 331 gold pieces.

Inventory:

Hand Weapons
 f - a +2 antimagic short sword
 t - a +2 hand axe of flaming
 A - a +0 demon whip of venom (weapon)
Missiles
 j - 30 poisoned darts
 l - a throwing net
Armour
 m - a +0 pair of boots (worn)
 o - a +1 cloak (worn)
Jewellery
 g - a ring of protection from cold (left hand)
 p - an amulet of reflection (around neck)
 G - a +6 ring of dexterity (right hand)
Wands
 w - a wand of mindburst (29)
 C - a wand of acid (6)
 F - a wand of flame (14)
Scrolls
 a - 3 scrolls of vulnerability {unknown}
 b - 4 scrolls of immolation {unknown}
 c - 4 scrolls of noise {unknown}
 d - a scroll of poison {unknown}
 e - 5 scrolls of identify
 k - 2 scrolls of fear {unknown}
 n - 2 scrolls of blinking {unknown}
 q - 2 scrolls of silence {unknown}
 r - 4 scrolls of amnesia {unknown}
 s - a scroll of teleportation {unknown}
 u - 3 scrolls of fog {unknown}
 x - a scroll of torment {unknown}
 y - a scroll of enchant weapon {unknown}
 E - a scroll of enchant armour {unknown}
Potions
 h - 4 potions of lignification
 i - 4 potions of curing
 v - 2 potions of heal wounds {unknown}
 z - a potion of invisibility {unknown}
 B - a potion of mutation {unknown}
 D - a potion of magic


   Skills:
 - Level 1.7 Dodging
 - Level 1.7 Stealth
 + Level 10.3 Spellcasting
 - Level 1.0 Conjurations
 * Level 13.1 Air Magic


You had 19 spell levels left.
You knew the following spells:

 Your Spells              Type           Power      Damage    Failure   Level
a - Shock                 Conj/Air       100%       1d9       1%          1
b - Swiftness             Air            58%        N/A       1%          3
c - Static Discharge      Conj/Air       76%        2-6/arc   1%          2
d - Airstrike             Air            29%        2d(5-21)  1%          4

Your spell library contained the following spells:

 Spells                   Type           Power      Damage    Failure   Level
 Poisonous Vapours        Pois/Air       72%        N/A       1%          2
 Stone Arrow              Conj/Erth      24%        3d8       16%         3
 Leda's Liquefaction      Hex/Erth       5%         N/A       54%         4
 Lee's Rapid Deconstruct  Erth           5%         3d6*      88%         5
 Statue Form              Tmut/Erth      6%         N/A       100%        6
 Lehudib's Crystal Spear  Conj/Erth      6%         10d3      100%        8
 Animate Armour           Summ/Erth      Unusable   N/A       N/A         4

Dungeon Overview and Level Annotations

Branches:
Dungeon (9/15)             Temple (1/1) D:7            Lair (0/5) D:8
    Orc: D:9-12

Altars:
Ashenzari
Cheibriados
Dithmenos
Elyvilon
Fedhas
Gozag
Hepliaklqana
Kikubaaqudgha
Makhleb
Nemelex Xobeh
Okawaru
Qazlal
Ru
Sif Muna
Trog
Uskayaw
Vehumet
Wu Jian
Xom
Yredelemnul
Zin

Shops:
D:2 *   D:5 (

Annotations:
D:5 2 transporters, relicbr's ghost, amateur HOMo


Innate Abilities, Weirdness & Mutations

You can breathe bolts of dispelling energy.
Your rich purple scales are hard. (AC +7)
You cannot fit into any form of body armour.
You are cold-blooded and may be slowed by cold attacks.


Message History

The yak is severely wounded.
The yak is struck by an arc of lightning.
The yak is almost dead.
The yak is struck by an arc of lightning.
The yak is lightly wounded.
The yak is struck by an arc of lightning.
The yak is lightly wounded.
The lightning grounds out.
The yak is struck by an arc of lightning.
The yak is heavily wounded.
The yak is struck by an arc of lightning.
The yak is moderately wounded.
The yak is struck by an arc of lightning.
The yak is severely wounded.
The yak is struck by an arc of lightning.
You kill the yak!
Vehumet accepts your kill.
You feel your power returning.
The lightning grounds out.
The yak is struck by an arc of lightning.
The yak is lightly wounded.
The yak is struck by an arc of lightning.
The yak is severely wounded.
You are struck by an arc of lightning.
* * * LOW HITPOINT WARNING * * *
The yak is struck by an arc of lightning.
The yak is almost dead.
The lightning grounds out.
The yak gores you.
* * * LOW HITPOINT WARNING * * *
The yak gores you.
* * * LOW HITPOINT WARNING * * *
You block the yak's attack.
Casting: Static Discharge (safe; 1% risk of failure)
Confirm with . or Enter, or press ? or * to list all spells.
The yak is struck by an arc of lightning.
The yak is moderately wounded.
The yak is struck by an arc of lightning!
The yak is moderately wounded.
The lightning grounds out.
The yak gores you but does no damage. The yak gores you!
You die...

... !. .
..####.##
.. ........
... ..>...
.$..#....##
........#
#YYY..#.#
#.Y@....#
#.Y....[#
#..........
#..#######.
##. #. #.
#.


You could see 5 yaks.

Vanquished Creatures
  A two-headed ogre (D:8)
  Maggie (D:6)
  Grinder (D:5)
  Sigmund (D:5)
  A basilisk (D:8)
  3 wyverns (D:8)
  5 yaks
  3 water moccasins (D:8)
  Pargi (D:3)
  2 orc warriors
  2 sky beasts (D:6)
  An ice beast (D:6)
  A black bear (D:6)
  An ogre (D:6)
  2 phantoms
  2 centaurs
  3 kobold brigands
  A bullfrog (D:8)
  2 gnoll sergeants
  A scorpion (D:6)
  5 wights (D:8)
  6 killer bees
  A howler monkey (D:4)
  4 jellies
  4 orc priests
  A gnoll bouda (D:7)
  2 sleepcaps (D:5)
  6 iguanas
  An orc wizard (D:8)
  18 gnolls
  6 adders
  2 shadow imps
  5 white imps
  3 ufetubi
  6 worms
  3 dart slugs
  12 orcs
  6 bats
  3 endoplasms
  3 giant cockroaches
  8 goblins
  9 hobgoblins
  8 jackals
  7 quokkas
  9 ball pythons
  A frilled lizard (D:1)
  17 kobolds
  7 rats
198 creatures vanquished.

Vanquished Creatures (others)
  A fungus (D:8)
  26 plants
27 creatures vanquished.

Grand Total: 225 creatures vanquished

Notes
Turn   | Place    | Note
-------+----------+-------------------------------------------
     0 | D:1      | cheesebisquit the Draconian Air Elementalist began the
                  | quest for the Orb.
     0 | D:1      | Reached XP level 1. HP: 14/14 MP: 3/3
   580 | D:1      | Reached XP level 2. HP: 13/20 MP: 0/5
  1336 | D:2      | Reached XP level 3. HP: 26/26 MP: 0/6
  1379 | D:2      | Reached skill level 4 in Air Magic
  1480 | D:2      | Reached XP level 4. HP: 27/33 MP: 0/8
  1973 | D:2      | Found an ancient bone altar of Kikubaaqudgha.
  2012 | D:2      | Found a faded altar of an unknown god.
  2055 | D:2      | Found Ynoquidd's Assorted Antiques.
  2310 | D:2      | Learned a level 3 spell: Swiftness
  2313 | D:2      | Learned a level 2 spell: Static Discharge
  2753 | D:3      | Noticed Pargi
  2810 | D:3      | Killed Pargi
  2811 | D:3      | Reached skill level 5 in Air Magic
  2811 | D:3      | Reached XP level 5. HP: 19/38 MP: 0/10
  3889 | D:4      | Reached XP level 6. HP: 38/45 MP: 7/11
  4169 | D:4      | Reached skill level 6 in Air Magic
  4880 | D:5      | Entered Level 5 of the Dungeon
  5134 | D:5      | Your scales start taking on a rich purple colour.
  5134 | D:5      | Reached skill level 5 in Spellcasting
  5134 | D:5      | Reached XP level 7. HP: 50/50 MP: 7/14
  5229 | D:5      | Reached skill level 7 in Air Magic
  5393 | D:5      | Noticed a moth of wrath
  5396 | D:5      | Found a bloodstained altar of Trog.
  5745 | D:5      | Found a transporter.
  5757 | D:5      | Noticed relicbr's ghost (amateur HOMo)
  5835 | D:5      | Found a broken altar of Ashenzari.
  5838 | D:5      | Found an ancient bone altar of Kikubaaqudgha.
  5841 | D:5      | Found a hide-covered altar of Uskayaw.
  5844 | D:5      | Found an ornate altar of the Wu Jian Council.
  6044 | D:5      | Found Liweuq's Weapon Shoppe.
  6110 | D:5      | Noticed Grinder
  6124 | D:5      | Killed Grinder
  6243 | D:5      | Reached skill level 8 in Air Magic
  6253 | D:5      | Learned a level 4 spell: Airstrike
  6285 | D:5      | Noticed Sigmund
  6294 | D:5      | Killed Sigmund
  6295 | D:5      | Reached XP level 8. HP: 45/57 MP: 9/17
  6482 | D:5      | Found a transporter.
  6655 | D:5      | Found a hazy altar of Hepliaklqana.
  7129 | D:6      | Reached skill level 9 in Air Magic
  7537 | D:6      | Noticed Maggie
  7545 | D:6      | Killed Maggie
  7546 | D:6      | Reached skill level 10 in Air Magic
  7685 | D:6      | Reached XP level 9. HP: 55/62 MP: 8/20
  8339 | D:7      | Found a staircase to the Ecumenical Temple.
  8350 | Temple   | Entered the Ecumenical Temple
  8585 | Temple   | Became a worshipper of Vehumet
  8757 | D:7      | Found a burning altar of Makhleb.
  8761 | D:7      | Found a blossoming altar of Fedhas.
  8964 | D:7      | Reached skill level 11 in Air Magic
  9564 | D:8      | Reached * piety under Vehumet
  9564 | D:8      | Offered knowledge of Foxfire by Vehumet.
  9859 | D:8      | Reached skill level 12 in Air Magic
  9868 | D:8      | Reached XP level 10. HP: 30/69 MP: 0/23
 10069 | D:8      | Noticed a two-headed ogre
 10113 | D:8      | Killed a two-headed ogre
 10512 | D:8      | Reached skill level 10 in Spellcasting
 10684 | D:8      | Found a staircase to the Lair.
 10735 | D:8      | Reached ** piety under Vehumet
 10735 | D:8      | Offered knowledge of Poisonous Vapours by Vehumet.
 10903 | D:7      | Reached skill level 13 in Air Magic
 10978 | D:9      | Mangled by a yak

Illustrated notes

Levels and vault maps discovered:
D:1:      dpeg_arrival_short_road, layout_loops_corners
D:2:      layout_loops_ring, serial_shops, nicolae_shop_stone, basic_altar,
          ebering_ecumenical_altar_hall, serial_forest, infiniplex_forest_end_2,
          infiniplex_forest_zigzag_2, infiniplex_forest_clump_medium,
          infiniplex_forest_lined_room_2, infiniplex_forest_side_room,
          minmay_tripent
D:3:      cheibrodos_old_hovel, layout_basic, cheibrodos_sewer_entry_bend,
          kennysheep_decorative_pillar, uniq_pargi
D:4:      layout_cave_pools, kennysheep_generic_room_3
D:5:      layout_loops_corners, grunt_temple_overflow_cloverleaf, tgw_trog,
          nzn_hepliaklqana_mist_gate, serial_shops, shop,
          gammafunk_ghost_mausoleum, chequers_serial_rivers_marsh,
          nicolae_concentric_dashed_squares_wild, lightli_minifort,
          uniq_sigmund, uniq_grinder
D:6:      layout_basic, amcnicky_mini_pool_small, uniq_maggie
D:7:      layout_basic, mainiacjoe_overflow_large_starburst,
          minmay_temple_entry_junction
D:8:      layout_basic, minmay_lair_entry_grove, chequers_serial_rivers_small_b
D:9:      layout_basic, serial_shops, nicolae_shop_trees, enter_bailey_8
Temple:   nicolae_temple_figure_eight

Skill      XL: |  1  2  3  4  5  6  7  8  9 10 |
---------------+-------------------------------+-----
Air Magic      | 4 5 6 8 10 12 13 | 13.1
Spellcasting   | 3 5 6 7 9 10 | 10.3
Dodging        | |  1.7
Stealth        | |  1.7
Conjurations   | |  1.0

Action                     |  1- 3 |  4- 6 |  7- 9 | 10-12 || total
---------------------------+-------+-------+-------+-------++-------
  Melee: Short sword       |    62 |   131 |       |       ||   193
         Unarmed           |     2 |       |       |       ||     2
         Tailslap          |    10 |    16 |     5 |     3 ||    34
         Punch             |       |     3 |     2 |       ||     5
         Hand axe          |       |    16 |       |       ||    16
         Demon whip        |       |       |    50 |    14 ||    64
   Cast: Shock             |    31 |   152 |   270 |    71 ||   524
         Airstrike         |       |       |     9 |       ||     9
         Static Discharge  |       |       |     9 |     7 ||    16
Ability: Breathe Dispellin |       |       |       |     1 ||     1
    Use: Potion            |       |     4 |     1 |     2 ||     7
         Scroll            |       |       |       |     2 ||     2
 Armour: Skin              |    21 |    65 |    58 |    20 ||   164
  Dodge: Dodged            |    41 |   110 |    77 |    26 ||   254
  Block: Other             |       |    28 |    44 |    15 ||    87
         Reflection        |       |       |     5 |       ||     5

Table legend: (Time is in decaauts)
 A = Elapsed time spent in this place.
 B = Non-inter-level travel time spent in this place.
 C = Inter-level travel time spent in this place.
 D = Time resting spent in this place.
 E = Time spent auto-exploring this place.
 F = Levels seen in this place.
 G = Mean time per level.
                   A        B        C        D        E       F      G
               +--------+--------+--------+--------+--------+-----+--------+
         Total |  10930 |  10585 |    345 |    525 |   8460 |  10 | 1093.0 |
       Dungeon |  10664 |  10376 |    288 |    525 |   8253 |   9 | 1184.9 |
        Temple |    266 |    209 |     57 |      0 |    207 |   1 |  266.0 |
               +--------+--------+--------+--------+--------+-----+--------+

Top non-repeatable levels by time:
     D:5: 1993 daAuts
     D:3: 1617 daAuts
     D:6: 1422 daAuts
     D:7: 1289 daAuts
     D:1: 1264 daAuts
     D:2: 1081 daAuts
     D:8: 1034 daAuts
     D:4: 953 daAuts
  Temple: 266 daAuts
     D:9: 6 daAuts
